 Dungeon Crawl Stone Soup version 0.22-a0-246-gdc04c06 (webtiles) character file.

54 brknglss the Conjurer (level 3, -1/23 HPs)
             Began as an Octopode Conjurer on Feb 23, 2018.
             Slain by a goblin
             ... wielding a +0 dagger
             ... led by Robin
              (6 damage)
             ... on level 2 of the Dungeon.
             The game lasted 00:02:19 (1594 turns).

brknglss the Conjurer (Octopode Conjurer)           Turns: 1594, Time: 00:02:20

Health: -1/23      AC:  1    Str:  7    XL:     3   Next: 91%
Magic:  2/6        EV: 13    Int: 18    God:
Gold:   78         SH:  0    Dex: 12    Spells: 5/6 levels left

rFire    . . .     SeeInvis .   r - +0 war axe
rCold    . . .     Gourm    .   (no shield)
rNeg     . . .     Faith    .   (helmet restricted)
rPois    .         Spirit   .   (no amulet)
rElec    .         Reflect  .   h - ring of protection from magic
rCorr    .         Harm     .   (no ring)
MR       +....                  (no ring)
Stlth    +++.......             (no ring)
HPRegen  0.07/turn              (no ring)
MPRegen  0.10/turn              (no ring)
                                (no ring)
                                (no ring)

@: no status effects
A: almost no armour, stealthy swim, amphibious, 8 rings, constrict 8, camouflage
1, gelatinous body 1
a: no special abilities


You were on level 2 of the Dungeon.
You were not hungry.

You visited 1 branch of the dungeon, and saw 2 of its levels.

You collected 78 gold pieces.

Inventory:

Hand Weapons
 r - a +0 war axe (weapon)
Jewellery
 h - a ring of protection from magic (left tentacle)
Scrolls
 c - 2 scrolls of remove curse {unknown}
 d - 2 scrolls of immolation {unknown}
 g - 6 scrolls of identify {unknown}
 i - a scroll of teleportation {unknown}
 j - a scroll of noise {unknown}
 m - 2 scrolls of amnesia {unknown}
 p - a scroll of enchant weapon {unknown}
 q - a scroll of enchant armour {unknown}
Potions
 e - a potion of flight {unknown}
 f - a potion of might {unknown}
 k - a potion of mutation {unknown}
 l - 3 potions of curing {unknown}
 n - a potion of heal wounds {unknown}
 o - a potion of ambrosia {unknown}
Comestibles
 a - 3 rations


   Skills:
 + Level 1.0 Fighting
 + Level 2.4 Dodging
 + Level 3.5 Stealth
 + Level 2.2 Spellcasting
 * Level 4.5 Conjurations


You had 5 spell levels left.
You knew the following spells:

 Your Spells              Type           Power        Failure   Level  Hunger
a - Magic Dart            Conj           ###.         2%          1    #......


Dungeon Overview and Level Annotations

Branches:
Dungeon (2/15)

Altars:


Innate Abilities, Weirdness & Mutations

You cannot wear most types of armour.
You are very stealthy in the water. (Stealth+)
You are amphibious.
You can wear up to eight rings at the same time.
You can use your tentacles to constrict eight enemies at once.
Your skin changes colour to match your surroundings (Stealth+).
Your rubbery body absorbs attacks. (AC +1, EV +1)


Message History

Robin is almost dead.
You constrict Robin.
You hear a shout!
Robin roars a battlecry!
The goblins go into a battle-frenzy!
A goblin comes into view. It is wielding a club.
You hit Robin.
You kill Robin!
You hit the goblin. The goblin hits you with a dagger. x2
* * * LOW HITPOINT WARNING * * *
You barely miss the goblin. Your grab misses the goblin.
You hit the goblin but do no damage. The goblin closely misses you.
The goblin barely misses you. The goblin closely misses you.
Items here: ( ) [ † a +0 whip; a stone; a chain mail; a kobold corpse The goblin barely misses you.
The goblin no longer looks unusually strong.
The goblin no longer looks unusually strong.
The goblin hits you with a dagger.
You die...

#...#.#######.....
#..#..............
##..##.....####....
#....#.....####....
##............##....
#....#.gg...........
#.<#.#g....g########
#..#..g###.g..)..().
#..@gg## #........(.
#...#.# ###........
###..##.####
##.......
#..........##
########
#.##........##
#..#..........# #.
#.....###### .
#.....# #.....#


You could see 6 goblins.

Vanquished Creatures
  Robin (D:2)
  An adder (D:2)
  3 dart slugs
  2 leopard geckos
  A giant cockroach (D:1)
  5 goblins
  3 hobgoblins
  3 kobolds
  4 bats
  3 frilled lizards
  2 rats (D:2)
28 creatures vanquished.

Notes
Turn   | Place    | Note
-------+----------+-------------------------------------------
     0 | D:1      | brknglss the Octopode Conjurer began the quest for the Orb.
     0 | D:1      | Reached XP level 1. HP: 11/11 MP: 3/3
   155 | D:1      | Reached XP level 2. HP: 14/17 MP: 5/5
   970 | D:2      | Reached XP level 3. HP: 12/22 MP: 0/6
  1498 | D:2      | Noticed Robin
  1535 | D:2      | Reached skill level 1 in Fighting
  1583 | D:2      | Killed Robin
  1594 | D:2      | Slain by a goblin

Vault maps used:
D:1:      dpeg_arrival_short_road
D:2:      fedhas_altar_fruit_tree, uniq_robin

Skill      XL: |  1  2  3 |
---------------+----------+-----
Stealth        | 3 |  3.5
Fighting       | 1 |  1.0
Dodging        | |  2.4
Spellcasting   | |  2.2
Conjurations   | |  4.5

Action                   || total
-------------------------++-------
Melee: Whip              ||    43
       Constrict         ||     9
       Tentacles         ||     3
       Unarmed           ||     1
       War axe           ||     3
 Cast: Magic Dart        ||    32
 Stab: Sleeping          ||     5
  Eat: Chunk             ||     2
Armor: Skin              ||     5
Dodge: Dodged            ||    42

Table legend:
 A = Spawn XP
 B = Non-spawn XP
 C = Spawn XP percentage of total XP
 D = Spawn monster count
 E = Non-spawn monster count
 F = Spawn count percentage of total count
 G = Total turns spent on level
                    A         B        C        D         E        F      G
               +---------+---------+-------+---------+---------+-------+---------
         Total |       0 |      78 |   0.0 |       0 |      28 |   0.0 |  1594
               +---------+---------+-------+---------+---------+-------+---------
           D:1 |       0 |      29 |   0.0 |       0 |      14 |   0.0 |   937
           D:2 |       0 |      49 |   0.0 |       0 |      14 |   0.0 |   657
               +---------+---------+-------+---------+---------+-------+---------
